 Dungeon Crawl Stone Soup version 0.17.0-27-g4a3f43e (webtiles) character file.

231598 EternalSandwich the Victor of a Thousand Battles (level 18, -1/145 HPs)
             Began as a Demonspawn Gladiator on Nov 21, 2015.
             Was the Champion of Okawaru.
             Killed from afar by an ice dragon (illusionary) (24 damage)
             ... with a blast of cold
             ... on level 1 of the Depths on Nov 22, 2015.
             The game lasted 03:27:33 (36845 turns).

EternalSandwich (DsGl)                             Turns: 36845, Time: 03:27:33

Health: -1/145     AC: 57    Str: 18    XL:     18   Next: 36%
Magic:  32/32      EV: 19    Int: 13    God:    Okawaru [******]
Gold:   3074       SH:  0    Dex: 23    Spells: 0 memorised, 17 levels left

rFire  . . .     SeeInvis .     r - +3 lajatang (protect)
rCold  . . .     Clarity  .     d - +15 Maxwell's patent armour {-Cast -Tele rElec MR+ rCorr}
rNeg   . . .     SustAt   .     (shield currently unavailable)
rPois  .         Gourm    .     y - +0 hat of Sorcery {Dex+4}
rElec  +         Spirit   .     N - +2 cloak {+Inv}
rCorr  +         Warding  .     X - +2 pair of gloves
rMut   .         NoTele   +     i - +0 pair of boots "Xylil" {Str+2 Int+4}
MR     ++++.     NoCast   +     Y - amulet of regeneration
Stlth  ..........               f - ring of protection from magic
                                R - +5 ring of slaying

@: confused, heroism, incredibly resistant to hostile enchantments, extremely
unstealthy
A: fangs 1, hooves 2, rough black scales 3, agile 1, blurry vision 1, demonic
guardian 2, dopey 1, foul stench 2, magic resistance 1, augmentation 1, rot
immunity
a: Heroism, Finesse, Renounce Religion, Evoke Invisibility
}: 2/15 runes: serpentine, barnacled


You were on level 1 of the Depths.
You worshipped Okawaru.
Okawaru was exalted by your worship.
You were not hungry.

You visited 7 branches of the dungeon, and saw 37 of its levels.
You also visited: Sewer, Bailey and Ice Cave.

You collected 3661 gold pieces.
You spent 587 gold pieces at shops.

Inventory:

Hand Weapons
 o - a +5 quarterstaff of crushing
 r - a +3 lajatang of protection (weapon)
 v - a +6 lajatang of freezing
Missiles
 q - 7 javelins of penetration (quivered)
 s - 19 tomahawks of returning
 S - 6 exploding tomahawks
Armour
 d - the +15 Maxwell's patent armour (worn) {-Cast -Tele rElec MR+ rCorr}
   (Okawaru gifted it to you on level 11 of the Dungeon)

   It insulates you from electricity.
   It affects your resistance to hostile enchantments.
   It prevents spellcasting.
   It prevents most forms of teleportation.
   It protects you from acid and corrosion.
 i - the +0 pair of boots "Xylil" (worn) {Str+2 Int+4}
   (You found it in a bailey)

   It affects your strength (+2).
   It affects your intelligence (+4).
 y - the +0 hat of Sorcery (worn) {Dex+4}
   (You found it on level 8 of the Lair of Beasts)

   It affects your dexterity (+4).
 K - the -2 pair of gloves "Nonwoibi" {Dex+3}
   (Okawaru gifted it to you on level 13 of the Dungeon)

   It affects your dexterity (+3).
 N - a +2 cloak of invisibility (worn)
 Q - the +5 robe of vines {NoDeviceHeal Regen+10}
   (You found it on level 12 of the Dungeon)

   It increases your rate of regeneration.
 X - a +2 pair of gloves (worn)
Jewellery
 f - a ring of protection from magic (right hand)
 A - an uncursed amulet of resist mutation
 O - an uncursed ring of flight
 R - a +5 ring of slaying (left hand)
 Y - an amulet of regeneration (around neck)
Wands
 x - a wand of fireball (6)
 H - a wand of lightning (11)
 U - a wand of digging (11)
Scrolls
 a - 2 scrolls of fear
 h - 13 scrolls of identify
 j - 7 scrolls of magic mapping
 p - 18 scrolls of remove curse
 z - 6 scrolls of recharging
 C - 4 scrolls of fog
 G - 2 scrolls of summoning
Potions
 g - 2 potions of haste
 m - 3 potions of agility
 n - 5 potions of curing
 w - 5 potions of flight
 B - 4 potions of berserk rage
 E - 9 potions of lignification
 F - 5 potions of brilliance
 J - 9 potions of might
 P - 3 potions of resistance
 T - a potion of invisibility
 W - 2 potions of magic
 Z - 2 potions of cure mutation
Miscellaneous
 b - a lamp of fire
 c - a phial of floods
 t - a legendary deck of summoning {the Rangers}
 u - an ornate deck of summoning {the Crusade}
 I - a sack of spiders
Comestibles
 e - 14 bread rations
 k - 13 meat rations
 l - 8 slices of pizza
 L - 5 chunks of flesh
 M - 8 beef jerkies


   Skills:
 + Level 13.7(18.7) Fighting
 - Level 16.3(21.3) Staves
 - Level 1.7(6.7) Throwing
 + Level 12.6(17.6) Armour
 + Level 12.7(17.7) Dodging
 - Level 20.0 Invocations


You had 17 spell levels left.
You didn't know any spells.

Dungeon Overview and Level Annotations

Branches:
Dungeon (15/15)            Temple (1/1) D:4            Lair (8/8) D:9
 Shoals (4/4) Lair:6        Snake (4/4) Lair:6        Slime (0/6) Lair:6
    Orc (4/4) D:10            Elf (0/3) Orc:4        Depths (1/5) D:15
 Vaults: D:13-14

Altars:
Ashenzari
Cheibriados
Dithmenos
Elyvilon
Fedhas
Gozag
Kikubaaqudgha
Makhleb
Nemelex Xobeh
Okawaru
Qazlal
Ru
Sif Muna
Trog
Vehumet
Xom
Yredelemnul
Zin
The Shining One
Beogh
Jiyva

Shops:
D:4 %   D:6 }   D:11 (   Orc:1 [*?}   Orc:2 %   Orc:4 }%([   Shoals:3 [
Snake:1 (   Snake:2 (


Innate Abilities, Weirdness & Mutations

You have hoof-like feet.
You are completely covered in rough black scales (AC +10, Dex -3).
A demonic guardian rushes to your aid.
You frequently emit foul miasma when damaged in melee.
Your magical and physical power is slightly enhanced at high health.
You are immune to rotting.
You have very sharp teeth.
You are agile. (Dex +2)
Scrolls take you a little longer to read.
You are dopey. (Int -2)
You are resistant to hostile enchantments.


Message History

Your ice devil hits the ice dragon but does no damage. 2 stone giants come into view.
The stone giant shouts! x2
The stone giant throws a large rock.
The large rock closely misses you.
The ice dragon barely misses your ice devil.
The ice dragon claws your ice devil but does no damage.
The ice dragon closely misses your ice devil.
Your ice devil hits the ice dragon!
Your ice devil freezes the ice dragon.
The ice dragon resists.
The stone giant throws a large rock.
The large rock closely misses you.
You see here a large rock.
You're too confused to move!
The ice dragon bites your ice devil! The ice dragon claws your ice devil!
The ice dragon tramples your ice devil.
Your ice devil stumbles backwards!
The stone giant throws a large rock.
The large rock hits you but does no damage.
You closely miss the ice dragon.
The ice dragon is heavily wounded.
The ice dragon breathes frost at you. The blast of cold hits you!
You die...

#### # .. ...## .#
...##...# ..###
...#..^.#####....
.......#......#
#......D3.#..#
..##...........###
........RDD(.....#
.........##@....##
..........D..##....
..........D.>..## ##
................##
.................#..
........C...........
.........C...)......
..........(.......#.
/.......(.(.....###


You could see 5 ice dragons, 2 stone giants, a rakshasa and a friendly ice
devil.

Vanquished Creatures
  A kraken (Shoals:4)
  Polyphemus (Shoals:3)
  Frances (D:13)
  Kirke (Shoals:3)
  Ilsuiw (Shoals:3)
  A frost giant (IceCv)
  8 greater nagas (Snake:4)
  An emperor scorpion (D:15)
  A dire elephant (D:15)
  Snorg (Lair:3)
  3 merfolk javelineers (Shoals:4)
  A death ooze (Lair:6)
  6 merfolk impalers
  A fire dragon (D:14)
  An entropy weaver (Depths:1)
  16 naga warriors
  4 hydras
  A catoblepas (Shoals:2)
  10 anacondas
  2 merfolk avatars
  Erica (D:9)
  3 merfolk aquamancers (Shoals:4)
  A centaur warrior (D:15)
  5 death yaks
  An orc high priest (Orc:4)
  A queen ant (D:11)
  4 shock serpents
  8 naga sharpshooters
  A deep troll shaman (D:15)
  Nergalle (Lair:3)
  A fire crab (shapeshifter) (D:15)
  7 salamander mystics
  10 sea snakes
  3 naga ritualists
  2 unseen horrors
  3 hill giants
  4 deep trolls
  7 orc knights
  A wizard (D:15)
  A lindwurm (D:13)
  8 mana vipers
  The ghost of gw the Eye of the Storm, a novice VSGl of Qazlal (D:7)
  6 ugly things
  10 harpies
  4 cyclopes
  A salamander (shapeshifter) (D:13)
  11 griffons
  7 manticores
  10 fauns
  5 water nymphs
  An oklob plant (Lair:7)
  12 naga magi
  A cyclops (shapeshifter) (D:15)
  17 salamanders
  7 elephants
  20 black mambas
  Maurice (D:13)
  3 sirens
  13 spiny frogs
  3 centaur zombies
  A gargoyle (D:15)
  An ice statue (IceCv)
  11 guardian serpents
  9 komodo dragons
  A kobold demonologist (D:13)
  A yaktaur (Depths:1)
  3 fire drakes
  6 trolls
  4 slime creatures
  21 merfolk
  2 two-headed ogres
  20 polar bears
  3 giant leeches (Lair:8)
  A wind drake (Shoals:4)
  A freezing wraith (D:15)
  23 blink frogs
  A trapdoor spider (D:15)
  A boulder beetle (Lair:8)
  A redback (D:15)
  7 water elementals
  2 wyverns
  2 basilisks
  7 snapping turtles
  A deep elf mage (D:12)
  2 hungry ghosts
  A wraith (D:12)
  A human (D:7)
  59 yaks
  10 vampire mosquitoes
  2 hogs (Shoals:3)
  A shadow (D:15)
  38 wolves
  A deep elf fighter (D:9)
  8 hippogriffs
  Menkaure (D:7)
  3 steam dragons
  6 wargs
  35 orc warriors
  6 soldier ants (D:11)
  41 nagas
  12 water moccasins
  A mottled dragon (D:15)
  10 porcupines
  An ice beast (D:11)
  7 sky beasts
  6 phantoms
  2 eyes of draining
  2 wasps
  3 boggarts
  A black bear (D:8)
  14 ogres
  18 crocodiles
  11 centaurs
  5 big kobolds
  35 giant frogs
  3 scorpions
  A wyvern skeleton (D:9)
  10 killer bees
  8 electric eels (Lair:8)
  8 wights
  4 jellies
  5 giant frog skeletons
  7 crimson imps
  22 orc priests
  A gnoll shaman (D:7)
  4 quasits
  13 hounds
  3 centaur skeletons
  36 orc wizards
  7 iguanas
  30 worker ants
  31 sheep
  A hound skeleton (D:10)
  2 worker ant zombies
  13 adders
  10 gnolls
  20 river rats
  8 shadow imps
  12 white imps (Lair:1)
  3 worms
  An adder skeleton (D:8)
  4 giant geckos
  180 orcs
  2 ball pythons
  10 giant cockroaches
  8 hobgoblins
  17 jackals
  4 quokkas
  11 bats
  5 giant newts
  8 goblins
  40 kobolds
  A quokka zombie (D:6)
  16 rats
  A butterfly (D:8)
  A plant (Lair:4)
  3 tentacles (Shoals:4)
1315 creatures vanquished.

Vanquished Creatures (collateral kills)
  Mara (Shoals:3)
  3 greater nagas (Snake:4)
  Maud (Lair:5)
  A merfolk impaler (Shoals:2)
  A naga warrior (Snake:3)
  An alligator snapping turtle (Shoals:1)
  3 merfolk avatars (Shoals:4)
  2 catoblepae
  A deep troll shaman (Depths:1)
  Urug (Lair:4)
  Sonja (Orc:4)
  2 naga sharpshooters
  2 sea snakes
  A hill giant (D:10)
  2 orc knights (Orc:2)
  7 harpies
  A griffon (Shoals:3)
  2 fauns (Shoals:1)
  A water nymph (Shoals:3)
  2 salamanders (Snake:3)
  3 guardian serpents
  5 black mambas
  3 elephants (Lair:7)
  2 spiny frogs (Lair:8)
  The ghost of jw the Sneak, a novice OpBe of Trog (D:4)
  2 merfolk
  A two-headed ogre (D:12)
  3 polar bears (IceCv)
  A wind drake (Shoals:1)
  3 blink frogs
  A redback (Depths:1)
  A snapping turtle (Shoals:4)
  20 yaks
  A hungry ghost (D:8)
  6 nagas
  A porcupine (Lair:2)
  5 wolves
  A phantom (D:6)
  A sky beast (D:6)
  4 orc warriors
  A crocodile (Lair:4)
  2 giant frogs
  A wight (D:7)
  A crimson imp (D:11)
  3 orc wizards
  A worker ant (D:11)
  3 sheep (Lair:2)
  An adder (D:8)
  A river rat (Lair:8)
  20 orcs
  A kobold (Bailey)
  A quokka (D:10)
  A rat (D:9)
138 creatures vanquished.

Vanquished Creatures (others)
  A wizard (D:6)
  A worker ant (D:11)
  A shadow imp (D:9)
  7 plants
  5 tentacles (Shoals:4)
  81 tentacle segments (Shoals:4)
96 creatures vanquished.

Grand Total: 1549 creatures vanquished

Notes
Turn   | Place    | Note
--------------------------------------------------------------
     0 | D:1      | EternalSandwich the Demonspawn Gladiator began the quest for the Orb.
     0 | D:1      | Reached XP level 1. HP: 16/16 MP: 1/1
   143 | D:1      | Reached skill level 3 in Staves
   172 | D:1      | Gained mutation: You are partially covered in rough black scales (AC +4, Dex -1). [demonic ancestry]
   172 | D:1      | Reached XP level 2. HP: 16/22 MP: 2/2
   677 | D:1      | Gained mutation: You are immune to rotting. [demonic ancestry]
   677 | D:1      | Reached XP level 3. HP: 17/27 MP: 3/3
   806 | D:1      | Reached skill level 4 in Staves
   850 | D:2      | Found a faded altar to an unknown god.
   890 | D:2      | Found a glowing silver altar of Zin.
  1258 | D:3      | Found a glowing drain.
  1269 | D:3      | Gained mutation: A weak demonic guardian rushes to your aid. [demonic ancestry]
  1269 | D:3      | Reached XP level 4. HP: 22/33 MP: 4/4
  1471 | Sewer    | Entered a sewer
  1543 | Sewer    | Noticed a big kobold
  1559 | Sewer    | Killed a big kobold
  1559 | Sewer    | Reached skill level 5 in Staves
  1559 | Sewer    | Reached XP level 5. HP: 34/38 MP: 5/5
  1930 | Sewer    | Found a white marble altar of Elyvilon.
  2027 | D:3      | You fall through a shaft!
  2236 | D:4      | Found a staircase to the Ecumenical Temple.
  2236 | D:4      | Noticed jw's ghost (novice OpBe)
  2336 | D:4      | Killed jw's ghost
  2336 | D:4      | Reached skill level 6 in Staves
  2336 | D:4      | Gained mutation: You are mostly covered in rough black scales (AC +7, Dex -2). [demonic ancestry]
  2336 | D:4      | Reached XP level 6. HP: 35/44 MP: 6/6
  2492 | D:4      | Found Vumpa's Food Boutique.
  2585 | D:4      | Reached skill level 7 in Staves
  2587 | D:4      | Got a smoking robe
  2617 | D:4      | Identified the +0 robe of Xeof {*Drain rElec Dex+7 Slay-5} (You took it off an orc wizard on level 4 of the Dungeon)
  2677 | D:4      | Found a sacrificial altar of Ru.
  3060 | Temple   | Entered the Ecumenical Temple
  3191 | Temple   | Became a worshipper of Warmaster Okawaru
  3289 | D:5      | Entered Level 5 of the Dungeon
  3500 | D:5      | Gained mutation: You are completely covered in rough black scales (AC +10, Dex -3). [demonic ancestry]
  3500 | D:5      | Reached XP level 7. HP: 26/50 MP: 7/7
  4354 | D:6      | Found a burning altar of Makhleb.
  4382 | D:6      | Reached skill level 8 in Staves
  4531 | D:6      | Reached * piety under Okawaru
  4614 | D:6      | Found Aravublat's Gadget Boutique.
  4831 | D:6      | Reached skill level 9 in Staves
  4831 | D:6      | Gained mutation: You may emit foul miasma when damaged in melee. [demonic ancestry]
  4831 | D:6      | Reached XP level 8. HP: 30/56 MP: 8/8
  5436 | D:6      | Reached skill level 10 in Staves
  5526 | D:6      | Reached ** piety under Okawaru
  5535 | D:6      | Gained mutation: Scrolls take you a little longer to read. [mutagenic meat]
  5536 | D:6      | Gained mutation: You are dopey. (Int -2) [mutagenic meat]
  5537 | D:6      | Gained mutation: You have very sharp teeth. [mutagenic meat]
  5538 | D:6      | Gained mutation: You are agile. (Dex +2) [mutagenic meat]
  5539 | D:6      | Gained mutation: You are resistant to hostile enchantments. [mutagenic meat]
  5611 | D:6      | Found a bloodstained altar of Trog.
  5612 | D:6      | Noticed a wizard
  5618 | D:6      | Killed a wizard
  5706 | D:7      | Noticed Menkaure
  5916 | D:7      | Killed Menkaure
  6085 | D:7      | Found a snail-covered altar of Cheibriados.
  6088 | D:7      | Found a blossoming altar of Fedhas.
  6100 | D:7      | Found a shattered altar of Ashenzari.
  6207 | D:7      | Reached skill level 11 in Staves
  6207 | D:7      | Gained mutation: You have large cloven feet. [demonic ancestry]
  6207 | D:7      | Reached XP level 9. HP: 47/61 MP: 9/9
  6420 | D:7      | Reached *** piety under Okawaru
  6530 | D:7      | Received a gift from Okawaru
  6781 | D:7      | Noticed gw's ghost (novice VSGl)
  6820 | D:7      | Killed gw's ghost
  6820 | D:7      | Reached skill level 12 in Staves
  6963 | D:7      | Found a deep blue altar of Sif Muna.
  7206 | D:8      | Found a glowing golden altar of the Shining One.
  7206 | D:8      | Found a bloodstained altar of Trog.
  7206 | D:8      | Found a sparkling altar of Nemelex Xobeh.
  7206 | D:8      | Found a shadowy altar of Dithmenos.
  7207 | D:8      | Found a radiant altar of Vehumet.
  7207 | D:8      | Found a white marble altar of Elyvilon.
  7209 | D:8      | Found a stormy altar of Qazlal.
  7562 | D:8      | Reached skill level 13 in Staves
  7775 | D:8      | Reached XP level 10. HP: 60/67 MP: 10/10
  7784 | D:8      | Found a shimmering altar of Xom.
  7985 | D:8      | Reached **** piety under Okawaru
  8405 | D:9      | Found a snail-covered altar of Cheibriados.
  8479 | D:9      | Noticed Erica
  8519 | D:9      | Killed Erica
  8856 | D:9      | Found a staircase to the Lair.
  8862 | D:9      | Reached skill level 14 in Staves
  8960 | D:9      | Reached ***** piety under Okawaru
  9269 | D:10     | Entered Level 10 of the Dungeon
  9750 | D:10     | Reached skill level 15 in Staves
  9750 | D:10     | Reached XP level 11. HP: 31/72 MP: 11/11
  9939 | D:10     | Found a staircase to the Orcish Mines.
 10104 | D:11     | Noticed a hill giant
 10136 | D:10     | Killed a hill giant
 10136 | D:10     | Reached skill level 1 in Armour
 10593 | D:11     | Found Fazib's Weapon Emporium.
 10651 | D:11     | Received a gift from Okawaru
 10771 | D:11     | Noticed a queen ant
 10816 | D:11     | Killed a queen ant
 11829 | D:12     | Received a gift from Okawaru
 11908 | D:12     | Reached skill level 5 in Fighting
 11959 | D:12     | Found a flagged portal.
 11976 | Bailey   | Entered a bailey
 12088 | Bailey   | Reached skill level 5 in Dodging
 12178 | Bailey   | Got a pair of distressingly furry boots
 12184 | Bailey   | Identified the +0 pair of boots "Xylil" {Str+2 Int+4} (You found it in a bailey)
 12268 | D:12     | Received a gift from Okawaru
 12431 | D:12     | Noticed a hill giant
 12441 | D:12     | Killed a hill giant
 12441 | D:12     | Reached skill level 5 in Armour
 12464 | D:12     | Killed an unseen horror
 12464 | D:12     | Reached ****** piety under Okawaru
 12548 | D:12     | Gained mutation: A demonic guardian rushes to your aid. [demonic ancestry]
 12548 | D:12     | Reached XP level 12. HP: 88/88 MP: 12/12
 12935 | D:12     | Received a gift from Okawaru
 13004 | D:12     | Noticed a hill giant
 13020 | D:12     | Killed a hill giant
 13411 | D:11     | Received a gift from Okawaru
 13498 | Orc:1    | Entered Level 1 of the Orcish Mines
 13542 | Orc:1    | Found Arphu's Armour Boutique.
 13714 | Orc:1    | Found Gychotzi's Assorted Antiques.
 13741 | Orc:1    | Found Qekhler's Magic Scroll Emporium.
 13750 | Orc:1    | Bought a garnet ring for 150 gold pieces
 13774 | Orc:1    | Bought a scroll of identify for 34 gold pieces
 13774 | Orc:1    | Bought a scroll of identify for 34 gold pieces
 13774 | Orc:1    | Bought a scroll of enchant armour for 127 gold pieces
 13800 | Orc:1    | Found Tuorya's Gadget Shoppe.
 14602 | Orc:2    | Found Wugek's Food Boutique.
 14614 | Orc:2    | Bought a beef jerky for 15 gold pieces
 14614 | Orc:2    | Bought a beef jerky for 15 gold pieces
 14614 | Orc:2    | Bought a beef jerky for 15 gold pieces
 14614 | Orc:2    | Bought a beef jerky for 15 gold pieces
 15520 | Orc:4    | Entered Level 4 of the Orcish Mines
 15591 | Orc:4    | Found a roughly hewn altar of Beogh.
 15607 | Orc:4    | Found a staircase to the Elven Halls.
 15640 | Orc:4    | Found a roughly hewn altar of Beogh.
 15727 | Orc:4    | Found a roughly hewn altar of Beogh.
 15888 | Orc:4    | Found a roughly hewn altar of Beogh.
 15888 | Orc:4    | Found Sucrapta's Food Boutique.
 16274 | Orc:4    | Found a roughly hewn altar of Beogh.
 16325 | Orc:4    | Noticed Sonja
 16331 | Orc:4    | Killed Sonja
 16331 | Orc:4    | Received a gift from Okawaru
 16379 | Orc:4    | Found a roughly hewn altar of Beogh.
 16485 | Orc:4    | Found a roughly hewn altar of Beogh.
 16486 | Orc:4    | Found Toitac's Gadget Boutique.
 16581 | Orc:4    | Found a roughly hewn altar of Beogh.
 16924 | Orc:4    | Found Ysocw's Antique Weapon Shop.
 16925 | Orc:4    | Found a roughly hewn altar of Beogh.
 16928 | Orc:4    | Found Yrghem's Antique Armour Boutique.
 16983 | Orc:4    | Bought a faintly humming leather armour for 182 gold pieces
 16993 | Orc:4    | Identified the +2 leather armour "Zitsisam" {rElec rC+ MP-9 Dex-5} (You bought it in a shop on level 4 of the Orcish Mines)
 17259 | Lair:1   | Entered Level 1 of the Lair of Beasts
 17262 | Lair:1   | Reached XP level 13. HP: 100/100 MP: 13/13
 17293 | Lair:1   | Found a frozen archway.
 17338 | Lair:1   | Received a gift from Okawaru
 17363 | IceCv    | Entered an ice cave
 17607 | IceCv    | Received a gift from Okawaru
 18356 | IceCv    | Noticed a frost giant
 18394 | IceCv    | Killed a frost giant
 18399 | IceCv    | Reached skill level 10 in Fighting
 19235 | Lair:2   | Reached skill level 1 in Invocations
 19981 | Lair:2   | You fall through a shaft!
 20025 | Lair:3   | Received a gift from Okawaru
 20042 | Lair:3   | Noticed Nergalle
 20049 | Lair:3   | Killed Nergalle
 20049 | Lair:3   | Reached skill level 5 in Invocations
 20259 | Lair:3   | Noticed Snorg
 20270 | Lair:3   | Killed Snorg
 20435 | Lair:3   | Gained mutation: You have hoof-like feet. [demonic ancestry]
 20435 | Lair:3   | Reached XP level 14. HP: 110/110 MP: 19/19
 20770 | Lair:4   | Received a gift from Okawaru
 21085 | Lair:4   | Noticed Urug
 21096 | Lair:4   | Killed Urug
 21226 | Lair:5   | Noticed Maud
 21231 | Lair:5   | Reached skill level 10 in Invocations
 21235 | Lair:5   | Killed Maud
 21364 | Lair:5   | You fall through a shaft for 3 floors!
 21364 | Lair:8   | Entered Level 8 of the Lair of Beasts
 21490 | Lair:8   | Got a heavily runed hat
 21501 | Lair:8   | Identified the +0 hat of Sorcery {Dex+4} (You found it on level 8 of the Lair of Beasts)
 21595 | Lair:8   | Received a gift from Okawaru
 22255 | Lair:6   | Found a staircase to the Shoals.
 22491 | Lair:6   | Found a staircase to the Snake Pit.
 22692 | Lair:6   | Found a staircase to the Slime Pits.
 22693 | Lair:6   | Found a viscous altar of Jiyva.
 23081 | Lair:7   | Received a gift from Okawaru
 23088 | Lair:7   | Reached skill level 15 in Invocations
 23882 | Lair:7   | Gained mutation: You frequently emit foul miasma when damaged in melee. [demonic ancestry]
 23882 | Lair:7   | Reached XP level 15. HP: 111/115 MP: 26/26
 24042 | Lair:8   | Reached skill level 16 in Invocations
 24536 | Shoals:1 | Entered Level 1 of the Shoals
 24768 | Shoals:1 | Received a gift from Okawaru
 24801 | Shoals:1 | Identified a scroll of acquirement
 24971 | Shoals:1 | Reached skill level 17 in Invocations
 25398 | Shoals:1 | Received a gift from Okawaru
 25778 | Shoals:2 | Reached skill level 18 in Invocations
 26297 | Shoals:3 | Noticed Ilsuiw
 26303 | Shoals:3 | Noticed Polyphemus
 26513 | Shoals:2 | Reached skill level 19 in Invocations
 26664 | Shoals:3 | Found Rouwkoikk's Armour Shoppe.
 26745 | Shoals:3 | Received a gift from Okawaru
 26866 | Shoals:3 | Killed Polyphemus
 26940 | Shoals:3 | Noticed Kirke
 26955 | Shoals:3 | Killed Kirke
 26955 | Shoals:3 | Received a gift from Okawaru
 27102 | Shoals:3 | Reached skill level 20 in Invocations
 27208 | Shoals:3 | Noticed Mara
 27211 | Shoals:3 | Noticed EternalSandwich's illusion
 27221 | Shoals:3 | Killed Mara
 27221 | Shoals:3 | Gained mutation: Your magical and physical power is slightly enhanced at high health. [demonic ancestry]
 27221 | Shoals:3 | Reached XP level 16. HP: 118/123 MP: 30/30
 27386 | Shoals:4 | Entered Level 4 of the Shoals
 27760 | Shoals:4 | Reached skill level 10 in Dodging
 28072 | Shoals:4 | Received a gift from Okawaru
 28077 | Shoals:4 | Got an emerald-encrusted plate armour {god gift}
 28158 | Shoals:4 | Identified the +10 plate armour "Zotewi" {rN+ Int+4 Dex-3} (Okawaru gifted it to you on level 4 of the Shoals)
 28274 | Shoals:4 | Got a barnacled rune of Zot
 28689 | Shoals:3 | Killed Ilsuiw
 28793 | Shoals:2 | Reached skill level 10 in Armour
 28879 | Snake:1  | Entered Level 1 of the Snake Pit
 30078 | Snake:1  | Found Kaanaxaun's Weapon Boutique.
 30575 | Snake:2  | Found Wywkukke's Antique Weapon Shop.
 30871 | Snake:2  | Received a gift from Okawaru
 31081 | Snake:3  | Reached XP level 17. HP: 131/131 MP: 31/31
 32026 | Snake:4  | Entered Level 4 of the Snake Pit
 32816 | Snake:4  | Received a gift from Okawaru
 33787 | Snake:4  | Got a serpentine rune of Zot
 34681 | D:13     | Received a gift from Okawaru
 34714 | D:13     | Noticed Maurice
 34717 | D:13     | Got a pair of scorched gloves {god gift}
 34725 | D:13     | Killed Maurice
 34746 | D:13     | Reached XP level 18. HP: 143/143 MP: 32/32
 34814 | D:13     | Identified the -2 pair of gloves "Nonwoibi" {Dex+3} (Okawaru gifted it to you on level 13 of the Dungeon)
 34843 | D:13     | Noticed Frances
 34853 | D:13     | Killed Frances
 35911 | D:15     | Entered Level 15 of the Dungeon
 36402 | D:15     | Found a staircase to the Depths.
 36658 | Depths:1 | Entered Level 1 of the Depths
 36831 | Depths:1 | HP: 5/145 [ice dragon (illusionary)/blast of cold (21)]
 36841 | Depths:1 | HP: 3/145 [ice dragon (illusionary)/blast of cold (27)]
 36845 | Depths:1 | Killed from afar by an ice dragon (illusionary)

Action                   |  1- 3 |  4- 6 |  7- 9 | 10-12 | 13-15 | 16-18 || total
-------------------------+-------+-------+-------+-------+-------+-------++-------
Melee: Quarterstaff      |   137 |   136 |   692 |   511 |    68 |    14 ||  1558
       Lajatang          |       |       |       |   882 |  1491 |  1135 ||  3508
Throw: Throwing net      |       |       |     6 |     7 |     1 |       ||    14
       Tomahawk          |       |       |       |    79 |    12 |    35 ||   126
       Javelin           |       |       |       |       |    11 |     4 ||    15
Invok: Heroism           |       |       |       |     2 |     1 |     4 ||     7
       Finesse           |       |       |       |       |       |     3 ||     3
  Use: Scroll            |       |       |     8 |    21 |    13 |     8 ||    50
       Potion            |       |       |     3 |     3 |     1 |    12 ||    19
 Stab: Distracted        |       |     2 |     5 |     1 |     3 |     8 ||    19
       Held in net/web   |       |       |     5 |     3 |       |       ||     8
       Fleeing           |       |       |       |       |       |     1 ||     1
  Eat: Chunk             |     1 |     7 |    13 |    32 |    36 |    28 ||   117
       Fruit             |       |     1 |     2 |       |     3 |     8 ||    14
       Beef jerky        |       |       |     1 |       |       |     3 ||     4
       Meat ration       |       |       |     1 |       |       |       ||     1
       Royal jelly       |       |       |       |       |     1 |       ||     1
       Pizza             |       |       |       |       |       |     5 ||     5
